 Dungeon Crawl Stone Soup version 0.24-a0-619-gb7544fd (webtiles) character file.

Game seed: 16393848094003242849, levelgen mode: deterministic

1107 BoppinsLewinski the Poker (level 8, 0/68 HPs)
             Began as a Centaur Fighter on Sept 16, 2019.
             Was a Follower of Okawaru.
             Shot with an arrow by a centaur (7 damage)
             ... on level 5 of the Dungeon.
             The game lasted 00:11:36 (4244 turns).

BoppinsLewinski the Poker (Centaur Fighter)         Turns: 4244, Time: 00:11:37

Health: 0/68       AC: 16    Str: 22    XL:     8   Next: 11%
Magic:  7/8        EV:  8    Int: 12    God:    Okawaru [*.....]
Gold:   237        SH:  0    Dex: 10    Spells: 7/7 levels left

rFire    . . .     SeeInvis +   a - +0 trident
rCold    . . .     Gourm    .   c - +0 shield
rNeg     . . .     Faith    .   r - +0 chain mail
rPois    +         Spirit   .   o - +0 helmet
rElec    .         Reflect  .   (no cloak)
rCorr    .         Harm     .   d - +2 pair of gloves
MR       .....                  (no barding)
Stlth    ..........             (no amulet)
HPRegen  0.21/turn              u - ring of poison resistance
MPRegen  0.11/turn              p - ring of see invisible

@: confused, brilliant, heroism, very quick
A: large, hooves 3, yellow scales 1, agile 1, deformed body, speed 2, tough skin
3
a: Heroism, Renounce Religion


You were on level 5 of the Dungeon.
You worshipped Okawaru.
Okawaru was aware of your devotion.
You were not hungry.

You visited 2 branches of the dungeon, and saw 6 of its levels.

You collected 237 gold pieces.

Inventory:

Hand Weapons
 a - a +0 trident (weapon)
Armour
 c - a +0 shield (worn)
 d - a +2 pair of gloves (worn)
 o - a +0 helmet (worn)
 r - a +0 chain mail (worn)
Jewellery
 i - an uncursed ring of protection from magic {unknown}
 p - a ring of see invisible (right hand)
 u - a ring of poison resistance (left hand)
Scrolls
 b - a scroll of identify
 e - a scroll of random uselessness {unknown}
 h - a scroll of magic mapping
 j - 2 scrolls of fear
 l - a scroll of blinking
 n - 4 scrolls of remove curse {unknown}
 t - a scroll of teleportation {unknown}
Potions
 g - a potion of brilliance
Comestibles
 f - 11 rations


   Skills:
 + Level 5.0(10.0) Fighting
 * Level 6.1(11.1) Polearms
 + Level 3.7(8.7) Armour
 + Level 3.7(8.7) Shields


You had 7 spell levels left.
You didn't know any spells.
Your spell library was empty.

Dungeon Overview and Level Annotations

Branches:
Dungeon (5/15)             Temple (1/1) D:4

Altars:
Gozag
Hepliaklqana
Kikubaaqudgha
Makhleb
Nemelex Xobeh
Okawaru
Qazlal
Ru
Sif Muna
Trog
Vehumet
Wu Jian
Yredelemnul
Zin
The Shining One

Annotations:
D:4 3 runed translucent doors, jasper's ghost, amateur KoHu


Innate Abilities, Weirdness & Mutations

You have hooves in place of feet.
Armour fits poorly on your strangely shaped body.
You cover ground very quickly.
You have extremely tough skin. (AC +3)
You are partially covered in yellow scales. (AC +2)
You are agile. (Dex +2)


Message History

Tha steam dragon bites ye but does nay damage.
Tha steam dragon closely misses ye.
Tha crimson imp blinks!
Tha centaur shoots an arrow.
Tha arrow hits ye but does nay damage.
Unknown command.
Yer too confused!
Unknown command.
Unknown command.
Unknown command.
Ye be 'ngulfed in a cloud o' scaldin' steam.
Tha steam dragon bites ye but does nay damage.
Tha steam dragon claws ye but does nay damage.
Tha centaur shoots an arrow.
Tha arrow barely misses ye.
Ye hear an angry hiss.
Ye be 'ngulfed in a cloud o' scaldin' steam.
Tha centaur shoots an arrow.
Tha arrow closely misses ye.
Tha steam dragon closely misses ye.
Tha steam dragon claws ye but does nay damage.
Ye be 'ngulfed in a cloud o' scaldin' steam.
Tha centaur shoots an arrow.
Tha arrow hits ye!
Ye die...

.................# .
................. .#
..<...##......... #.# .
###..###........ ..# ..
####..........####.##...
#...............=.......
.......<..........(.....
........#.#.#.#D..###...
##...#.##...#..(@..#
............#..###.#
......#####....###...
##..#... #c#..........
#....... #...#.........
##..#...#.......#.......
###...#.......##..# .
.## ..##..c....# ## ..#
.......##....


You could see a steam dragon and a centaur.

Vanquished Creatures
  Grinder (D:3)
  Menkaure (D:5)
  An ice beast (D:5)
  An ogre (D:4)
  A scorpion (D:4)
  A howler monkey (D:5)
  A crimson imp (D:5)
  3 orc priests (D:4)
  A centaur skeleton (D:4)
  5 orc wizards
  2 worker ants (D:4)
  10 adders
  3 oozes
  An adder zombie (D:5)
  An adder skeleton (D:4)
  3 worms
  A dart slug (D:1)
  3 leopard geckos
  13 orcs
  3 giant cockroaches
  8 goblins
  6 hobgoblins
  5 jackals (D:1)
  8 kobolds
  7 bats
  3 frilled lizards
  11 rats
104 creatures vanquished.

Notes
Turn   | Place    | Note
-------+----------+-------------------------------------------
     0 | D:1      | BoppinsLewinski the Centaur Fighter began the quest for the
                  | Orb.
     0 | D:1      | Reached XP level 1. HP: 19/19 MP: 1/1
    65 | D:1      | Reached skill level 2 in Polearms
   140 | D:1      | Reached XP level 2. HP: 25/26 MP: 2/2
   444 | D:1      | Reached skill level 3 in Polearms
   557 | D:1      | Reached XP level 3. HP: 31/31 MP: 3/3
  1366 | D:2      | Reached XP level 4. HP: 28/38 MP: 4/4
  1397 | D:2      | Found a radiant altar of Vehumet.
  1397 | D:2      | Found a sparkling altar of Nemelex Xobeh.
  1398 | D:2      | Found a bloodstained altar of Trog.
  2276 | D:3      | Reached XP level 5. HP: 45/45 MP: 5/5
  2358 | D:3      | Noticed Grinder
  2365 | D:3      | Paralysed by Grinder for 2 turns
  2368 | D:3      | Paralysed by Grinder for 6 turns
  2375 | D:3      | Gained mutation: You are agile. (Dex +2) [potion of
                  | mutation]
  2375 | D:3      | Gained mutation: You are partially covered in yellow
                  | scales. (AC +2) [potion of mutation]
  2378 | D:3      | Killed Grinder
  2378 | D:3      | Reached skill level 4 in Polearms
  2378 | D:3      | Reached XP level 6. HP: 20/52 MP: 6/6
  3038 | D:4      | Found a staircase to the Ecumenical Temple.
  3051 | Temple   | Entered the Ecumenical Temple
  3185 | Temple   | Became a worshipper of Warmaster Okawaru
  3395 | D:4      | Reached skill level 5 in Polearms
  3400 | D:4      | Reached XP level 7. HP: 53/59 MP: 7/7
  3443 | D:4      | Found a runed translucent gate.
  3443 | D:4      | Found a runed translucent gate.
  3443 | D:4      | Found a runed translucent gate.
  3445 | D:4      | Found an opulent altar of Gozag.
  3450 | D:4      | Noticed jasper's ghost (amateur KoHu)
  3453 | D:4      | Reached * piety under Okawaru
  3805 | D:5      | Entered Level 5 of the Dungeon
  3939 | D:5      | Noticed Menkaure
  4163 | D:5      | Killed Menkaure
  4189 | D:5      | Reached skill level 6 in Polearms
  4189 | D:5      | Reached XP level 8. HP: 67/67 MP: 8/8
  4196 | D:5      | Reached skill level 5 in Fighting
  4244 | D:5      | Shot with an arrow by a centaur

Levels and vault maps discovered:
D:1:      dpeg_arrival_court, layout_basic, chequers_avenue,
          kennysheep_minor_cross
D:2:      layout_basic, gammafunk_temple_overflow_claw, serial_curves,
          eino_curves_03, eino_curves_04
D:3:      layout_basic, uniq_grinder
D:4:      layout_rooms, minmay_temple_entry_statues_fountains,
          ebering_ghost_gozag
D:5:      kennysheep_steamy, layout_rooms, first_ration, moated_statue,
          grunt_ministairs_15, uniq_menkaure
Temple:   regret_index_temple_generic_petals

Skill      XL: |  1  2  3  4  5  6  7  8 |
---------------+-------------------------+-----
Polearms       | 2 3 4 5 6 |  6.1
Armour         | 3 |  3.7
Shields        | 3 |  3.7
Fighting       | 4 5 |  5.0

Action                   |  1- 3 |  4- 6 |  7- 9 || total
-------------------------+-------+-------+-------++-------
Melee: Trident           |   135 |   151 |    87 ||   373
       Kick              |    20 |    36 |    21 ||    77
Invok: Heroism           |       |       |     3 ||     3
  Use: Potion            |       |     3 |     1 ||     4
       Scroll            |       |     4 |       ||     4
  Eat: Chunk             |       |     5 |     3 ||     8
Armor: Scale mail        |     5 |       |       ||     5
       Ring mail         |    37 |     8 |       ||    45
       Chain mail        |       |    81 |    50 ||   131
Dodge: Dodged            |    23 |    12 |    12 ||    47
Block: Shield            |    44 |    29 |    26 ||    99

Table legend:
 A = Non-vault XP
 B = Vault XP
 C = Vault XP percentage of total XP
 D = Non-vault monster count
 E = Vault monster count
 F = Vault count percentage of total count
                 A         B        C        D         E       F
            +---------+---------+-------+---------+---------+-------
      Total |    1146 |     436 |  27.6 |     102 |       2 |   1.9
            +---------+---------+-------+---------+---------+-------
        D:1 |      43 |       0 |   0.0 |      24 |       0 |   0.0
        D:2 |      82 |       0 |   0.0 |      24 |       0 |   0.0
        D:3 |     108 |     267 |  71.2 |      22 |       1 |   4.3
        D:4 |     647 |       0 |   0.0 |      25 |       0 |   0.0
        D:5 |     266 |     169 |  38.9 |       7 |       1 |  12.5
            +---------+---------+-------+---------+---------+-------
